 Dungeon Crawl Stone Soup version 0.18-a0-750-g37044d6 (webtiles) character file.

291 gorblad the Scratcher (level 6, 0/30 HPs)
             Began as a Felid Berserker on Dec 11, 2015.
             Was a Priest of Trog.
             Slain by Purgy (9 damage)
             ... on level 3 of the Dungeon.
             The game lasted 00:09:57 (4270 turns).

gorblad the Scratcher (Felid Berserker)             Turns: 4270, Time: 00:09:58

Health: 0/30       AC:  2    Str: 13    XL:     6   Next: 10%
Magic:  7/7        EV: 19    Int:  9    God:    Trog [***...]
Gold:   181        SH:  0    Dex: 17    Spells: 0 memorised, 5 levels left
                                        Lives:  0   Deaths: 1

rFire  . . .     SeeInvis +       - Unarmed
rCold  . . .     Clarity  .     (armour unavailable)
rNeg   . . .     SustAt   .     (shield unavailable)
rPois  +         Gourm    .     (helmet unavailable)
rElec  .         Spirit   .     (cloak unavailable)
rCorr  .         Dismiss  .     (gloves unavailable)
rMut   .         Stasis   .     (boots unavailable)
MR     ++...                    (no amulet)
Stlth  ++........               (no ring)
                                e - ring of poison resistance

@: regenerating, quick, very resistant to hostile enchantments, unstealthy
A: no armour, no weapons or thrown items, claws 1, fangs 3, see invisible,
carnivore 3, speed 1, shaggy fur 2, slow metabolism 1, sharp paws
a: Berserk, Trog's Hand, Burn Spellbooks, Renounce Religion


You were on level 3 of the Dungeon.
You worshipped Trog.
Trog was most pleased with you.
You were completely stuffed.

You visited 1 branch of the dungeon, and saw 3 of its levels.

You collected 181 gold pieces.

Inventory:

Jewellery
 e - a ring of poison resistance (left paw)
 j - an uncursed amulet of clarity
Wands
 b - a wand of digging (11)
 h - a wand of magic darts (28)
Scrolls
 i - a scroll of random uselessness {unknown}
 k - a scroll of blinking {unknown}
 l - a scroll of identify
 m - 2 scrolls of remove curse
 n - a scroll of fear {unknown}
 o - 2 scrolls of recharging {unknown}
 r - a scroll of fog
Potions
 c - 6 potions of curing {unknown}
 d - 2 potions of haste
 f - a potion of mutation {unknown}
 g - a potion of heal wounds {unknown}
 p - a potion of brilliance {unknown}
 q - 2 potions of cancellation {unknown}
 t - a potion of degeneration {unknown}
 u - a potion of might {unknown}
Comestibles
 a - 2 meat rations
 s - 13 chunks of flesh


   Skills:
 * Level 5.4 Fighting
 - Level 4.1 Dodging
 * Level 5.4 Unarmed Combat


You had 5 spell levels left.
You didn't know any spells.

Dungeon Overview and Level Annotations

Branches:
Dungeon (3/15)

Altars:

Annotations:
D:3 Purgy


Innate Abilities, Weirdness & Mutations

You cannot wear armour.
You are incapable of wielding weapons or throwing items.
You have sharp claws.
You have razor-sharp teeth.
You have supernaturally acute eyesight.
You are carnivorous and can eat meat at any time.
You cover ground quickly.
You are covered in thick fur (AC +2).
You have a slow metabolism.
Your sharp claws are effective at attacking unaware monsters.


Message History

Purgy misses you. Purgy closely misses you. Purgy claws you.
You claw Purgy!
Purgy is moderately wounded.
Purgy bites you. Purgy closely misses you. Purgy misses you.
You barely miss Purgy.
Purgy is moderately wounded.
Purgy bites you. Purgy claws you but does no damage. Purgy misses you.
You scratch Purgy.
Purgy is moderately wounded.
Purgy bites you.
* * * LOW HITPOINT WARNING * * *
Purgy closely misses you. x2
You are too injured to fight recklessly!
You are too injured to fight recklessly!
You are too injured to fight recklessly!
You are too injured to fight recklessly!
Your skin crawls.
You feel resistant to hostile enchantments.
You feel slightly less full. Purgy bites you!
You die...

........#.##.#.# #.# #.#
#########.##(#.###.###.#
#####.##.#.#[....#.#
#.....##(#.#.#.#.#.#
#.######.#.#.#.#.#.# #.#
#.#.#.#.#.#.# #.#
#.#.#.#.#.#.# #.#
#.#.#T#.#.#.# #.#
#.#.#@#.#.#.# #####.#
#.#.#.#.#.#.# ....#.#
#.#.#.# #.#.# ###.#.###
#.#...# #.#.# ........#
#.#####.#.#.#
#.......####.#.....#.#.#
#..............#####.#.#
)......................#
##.............#####.###


You could see Purgy.

Vanquished Creatures
  2 orc priests (D:3)
  Natasha (thrice) (D:2)
  Ijyb (D:2)
  Terence (D:3)
  A hound (D:1)
  Robin (D:2)
  A gnoll (D:1)
  3 adders (D:2)
  An ooze (D:3)
  4 worms (D:2)
  A giant gecko (D:1)
  9 orcs (D:3)
  2 giant cockroaches
  23 goblins
  10 hobgoblins
  7 jackals
  2 quokkas (D:3)
  8 bats
  A giant newt (D:2)
  13 kobolds
  3 rats
97 creatures vanquished.

Notes
Turn   | Place    | Note
--------------------------------------------------------------
     0 | D:1      | gorblad the Felid Berserker began the quest for the Orb.
     0 | D:1      | Reached XP level 1. HP: 10/10 MP: 2/2
   161 | D:1      | Reached XP level 2. HP: 7/14 MP: 3/3
  1166 | D:1      | Reached XP level 3. HP: 17/17 MP: 4/4
  1848 | D:2      | Reached XP level 4. HP: 22/22 MP: 5/5
  1880 | D:2      | Found a faded altar to an unknown god.
  1882 | D:2      | Noticed Robin
  1898 | D:2      | Reached ** piety under Trog
  1926 | D:2      | Killed Robin
  2290 | D:2      | Noticed Ijyb
  2296 | D:2      | Killed from afar by Ijyb
  2297 | D:2      | Reached XP level 3. HP: -1/18 MP: 4/4
  2307 | D:2      | Noticed Natasha
  2318 | D:2      | Killed Natasha
  2318 | D:2      | Reached XP level 4. HP: 2/22 MP: 5/5
  2560 | D:2      | Killed Ijyb
  2975 | D:2      | Reached XP level 5. HP: 25/25 MP: 6/6
  3012 | D:2      | Noticed Natasha
  3029 | D:2      | Killed Natasha
  3063 | D:2      | Reached *** piety under Trog
  3190 | D:2      | Noticed Natasha
  3310 | D:2      | Killed Natasha
  3715 | D:3      | Reached skill level 5 in Unarmed Combat
  3720 | D:3      | Reached skill level 5 in Fighting
  3845 | D:3      | Noticed Terence
  3854 | D:3      | Killed Terence
  3935 | D:3      | Gained mutation: You are covered in thick fur (AC +2). [Felid growth]
  3935 | D:3      | Reached XP level 6. HP: 30/30 MP: 7/7
  4261 | D:3      | Noticed Purgy
  4270 | D:3      | Slain by Purgy

Vault maps used:
D:1:      dpeg_arrival_radiant
D:2:      ecumenical_altar_1, roderic_filled_cross, minivault_11, uniq_robin,
          uniq_iyjb, uniq_natasha
D:3:      uniq_purgy, uniq_terence

Action                   |  1- 3 |  4- 6 || total
-------------------------+-------+-------++-------
Melee: Unarmed           |    74 |   196 ||   270
Invok: Berserk           |     1 |     5 ||     6
       Trog's Hand       |       |     2 ||     2
  Use: Scroll            |     5 |     2 ||     7
 Stab: Sleeping          |     2 |     5 ||     7
  Eat: Chunk             |    10 |    16 ||    26
